 Dungeon Crawl Stone Soup version 0.31-a0-1074-g0b22e4e0f1 (webtiles) character file.

Game seed: 1849160049286628922

18 tbh1313 the Trooper (level 2, 0/48 HPs)
             Began as an Ogre Berserker on Nov 30, 2023.
             Was a Follower of Trog.
             Succumbed to a goblin's poison
             ... on level 1 of the Dungeon.
             The game lasted 00:02:46 (437 turns).

tbh1313 the Trooper (Ogre Berserker)                 Turns: 437, Time: 00:02:47

Health: 0/48       AC:  3    Str: 20    XL:     2   Next: 66%
Magic:  2/2        EV: 10    Int:  8    God:    Trog [*.....]
Gold:   51         SH:  0    Dex:  8    Spells: 1/1 levels left

rFire   . . .        a - +0 mace
rCold   . . .        (no shield)
rNeg    . . .        b - +0 animal skin
rPois   .            (helmet restricted)
rElec   .            (no cloak)
rCorr   .            (gloves unavailable)
SInv    .            (boots unavailable)
Will    .....        (no amulet) Stlth
                     (no ring)
HPRegen 0.28/turn    (no ring)
MPRegen 0.08/turn

%: no passive effects
@: berserking (expiring), lethally poisoned (0 -> -7), very quick
A: large, unfitting armour, tough skin 1
a: Renounce Religion, Berserk


You were on level 1 of the Dungeon.
You worshipped Trog.
Trog was aware of your devotion.
You visited 1 branch of the dungeon, and saw 1 of its levels.

You collected 51 gold pieces.

Inventory:

Hand Weapons
 a - a +0 mace (weapon)
Armour
 b - a +0 animal skin (worn)
Scrolls
 d - 3 scrolls of identify
 g - a scroll of brand weapon {unknown}
Potions
 c - a potion of heal wounds {unknown}
 f - 2 potions of brilliance


   Skills:
 - Level 4.0 Fighting
 + Level 3.5 Maces & Flails
 - Level 2.6 Dodging


You had one spell level left.
You didn't know any spells.
Your spell library was empty.

Dungeon Overview and Level Annotations

Branches:
Dungeon (1/15)

Altars:


Innate Abilities, Weirdness & Mutations

You are too large for most types of armour.
You have tough skin. (AC +1)


Message History

The goblin barely misses you. The rat barely misses you. x2
You closely miss the goblin.
You feel very sick.
The goblin hits you with a +0 dagger of venom.
You are more poisoned.
The rat bites you but does no damage. The rat bites you.
You barely miss the goblin.
You feel very sick. The rat barely misses you. The rat closely misses you.
You closely miss the goblin.
You feel very sick.
You barely miss the goblin.
* * * LOW HITPOINT WARNING * * *
You feel very sick. The goblin barely misses you.
The rat twitches its whiskers.
The rat bites you but does no damage. The rat bites you.
* * * LOW HITPOINT WARNING * * *
The goblin hits you but does no damage.
You sock the goblin!
You kill the goblin!
Trog accepts your kill.
* * * LOW HITPOINT WARNING * * *
You feel sick. The goblin barely misses you. The rat bites you.
* * * LOW HITPOINT WARNING * * *
The rat closely misses you.
You thump the frilled lizard!
You kill the frilled lizard!
Trog accepts your kill.
* * * LOW HITPOINT WARNING * * *
You feel sick. The rat closely misses you. The rat bites you.
* * * LOW HITPOINT WARNING * * *
The goblin hits you but does no damage.
You closely miss the goblin.
* * * LOW HITPOINT WARNING * * *
You feel sick. The rat bites you but does no damage. The rat bites you.
* * * LOW HITPOINT WARNING * * *
The goblin hits you but does no damage.
You barely miss the goblin.
You die...

**,,,,,,,,,**,*,*.#*#.#.#>#.....#
**,,,,,,,,,+,,#.*,*,.,#.#.#####.#
**,,,,,,,,,***#.*,*#,*#.#.# #.#
**,,,,,,,,,* #.*,**,,..#.#####.#
**,,,,,,,,,***#.#+#####+#........
*******,,,,,,##..........######..
,,,,***,,.,,,+..........[# ###
,,,,,,*,,....###g..).....#
,,,,*,*,,....'')@........#####
,,,**,*,,......rr............#
,,,,,,***###.....#######.....#
,,***** #.....# #.....# ,,*
#.....# #.....# ,,* #?....#
#.....# ,,* #.....# #.....# ,,*
####### ####### ***


You could see a goblin and 2 rats.

Levels and vault maps discovered:
D:1:      dpeg_arrival_erosion, layout_basic

Notes
Turn   | Place    | Note
-------+----------+-------------------------------------------
     0 | D:1      | tbh1313 the Ogre Berserker began the quest for the Orb.
     0 | D:1      | Reached XP level 1. HP: 24/24 MP: 1/1
   314 | D:1      | HP: 2/24 [gnoll/+0 spear (5)]
   317 | D:1      | Reached XP level 2. HP: 4/32 MP: 2/2
   436 | D:1      | HP: 3/48 [poisoned by a goblin]
   436 | D:1      | HP: 1/48 [rat (2)]
   437 | D:1      | Succumbed to a goblin's poison

Table legend: (Time is in decaauts)
 A = Elapsed time spent in this place.
 B = Non-inter-level travel time spent in this place.
 C = Inter-level travel time spent in this place.
 D = Time resting spent in this place.
 E = Time spent auto-exploring this place.
 F = Levels seen in this place.
 G = Mean time per level.
                   A        B        C        D        E       F      G
               +--------+--------+--------+--------+--------+-----+--------+
         Total |    453 |    453 |      0 |    115 |    248 |   1 |  453.0 |
       Dungeon |    453 |    453 |      0 |    115 |    248 |   1 |  453.0 |
               +--------+--------+--------+--------+--------+-----+--------+

Top non-repeatable levels by time:
     D:1: 453 daAuts

Table legend:
 A = Kills in this place as a percentage of kills in the entire game.
 B = Kills by you in this place as a percentage of kills by you in the entire game.
 C = Kills by friends in this place as a percentage of kills by friends in the entire game.
 D = Other kills in this place as a percentage of other kills in the entire game.
 E = Experience gained in this place as a percentage of experience gained in the entire game.
 F = Experience gained in this place divided by the number of levels of this place that you have seen.
                   A       B       C       D       E      F
               +-------+-------+-------+-------+-------+----------------------
         Total | 100.0 | 100.0 |   N/A |   N/A | 100.0 |  26.0
       Dungeon | 100.0 | 100.0 |   N/A |   N/A | 100.0 |  26.0
               +-------+-------+-------+-------+-------+----------------------

Action                     || total
---------------------------++-------
  Melee: Mace              ||    38
         Punch             ||     1
 Invoke: Berserk           ||     2
    Use: Scroll            ||     3
 Armour: Animal skin       ||    30
  Dodge: Dodged            ||    31

Vanquished Creatures
  A gnoll (D:1)
  A giant cockroach (D:1)
  A goblin (D:1)
  A hobgoblin (D:1)
  2 frilled lizards (D:1)
  A kobold (D:1)
  2 rats (D:1)
9 creatures vanquished.
